 Dungeon Crawl Stone Soup version 0.19.1-1-g22dce08 (webtiles) character file.

268 kae the Chopper (level 6, 0/56 HPs)
             Began as a Hill Orc Fighter on Dec 30, 2016.
             Was an Initiate of Beogh.
             Slain by a killer bee (8 damage)
             ... on level 6 of the Dungeon.
             The game lasted 00:02:15 (2297 turns).

kae the Chopper (Hill Orc Fighter)                  Turns: 2297, Time: 00:02:16

Health: 0/56       AC: 18    Str: 26    XL:     6   Next: 21%
Magic:  6/6        EV:  7    Int:  8    God:    Beogh [......]
Gold:   139        SH:  9    Dex: 10    Spells: 0 memorised, 5 levels left

rFire  . . .     SeeInvis .     a - +0 war axe
rCold  . . .     Gourm    .     b - +0 scale mail
rNeg   . . .     Faith    .     c - +0 shield
rPois  .         Spirit   .     p - +0 helmet
rElec  .         Reflect  .     t - +2 cloak
rCorr  .         Harm     .     (no gloves)
MR     .....                    x - +0 pair of boots
Stlth  ..........               (no amulet)
                                (no ring)
                                k - +6 ring of protection

@: mighty, very slightly contaminated
A: no striking features
a: Renounce Religion


You were on level 6 of the Dungeon.
You worshipped Beogh.
Beogh was noncommittal.
You were hungry.

You visited 1 branch of the dungeon, and saw 5 of its levels.

You collected 139 gold pieces.

Inventory:

Hand Weapons
 a - a +0 war axe (weapon)
Armour
 b - a +0 scale mail (worn)
 c - a +0 shield (worn)
 p - a +0 helmet (worn)
 t - a +2 cloak (worn)
 x - a +0 pair of boots (worn)
Jewellery
 k - a +6 ring of protection (left hand)
 y - an uncursed amulet of regeneration {unknown}
Wands
 q - a wand of slowing (15/48)
Scrolls
 m - 3 scrolls of magic mapping
 r - 5 scrolls of identify
 u - a scroll of remove curse
Potions
 d - 2 potions of might
 e - a potion of ambrosia {unknown}
 g - 2 potions of berserk rage {unknown}
 i - a potion of cure mutation {unknown}
 n - a potion of haste {unknown}
 s - a potion of degeneration
 z - a potion of cancellation {unknown}
Comestibles
 f - 4 bread rations
 h - 3 meat rations
 o - 4 fruits


   Skills:
 + Level 5.6 Fighting
 * Level 6.9 Axes
 - Level 3.2 Armour
 - Level 3.2 Shields


You had 5 spell levels left.
You didn't know any spells.

Dungeon Overview and Level Annotations

Branches:
Dungeon (4/15)
 Temple: D:4-7

Altars:


Message History

You closely miss the killer bee. You miss the killer bee.
Your shield prevents you from hitting the killer bee.
* * * LOW HITPOINT WARNING * * *
You feel very sick.
The killer bee stings you but does no damage.
The killer bee barely misses you. You block the killer bee's attack.
The killer bee barely misses you. You block the killer bee's attack.
The killer bee barely misses you. You block the killer bee's attack.
The killer bee stings you but does no damage. x2
The killer bee barely misses you.
The killer bee stings you but does no damage.
The killer bee barely misses you.
The killer bee stings you but does no damage.
You feel better.
The killer bee stings you but does no damage.
You block the killer bee's attack. x2; The killer bee barely misses you.
You block the killer bee's attack. The killer bee barely misses you.
The killer bee stings you but does no damage. x2
The killer bee stings you!
You die...

............,,,,,**,** *,*
.................#*..# *,*
.................##..# *,*
.....................# *,*
.............(.......#* *,*
..........%...%.......*********,*
.....................,,,,,,,,,,,,
...............yy####,>********,*
...............y@y..#*,*,,,,,*,,*
...............yy##.#*,*,***,**,*
#####............#*,**,*,* *,**,*
#ยง........?..#*,**,*,* *,**,*
##############*,**,*,* *,**,*
*,**,*,* *,**,* *,**,*,***,**,*
***********,**,*,,,,,,,,*
*,,,,,,,,,,,**,*****,****


You could see 6 killer bees.

Vanquished Creatures
  A phantom (D:4)
  Crazy Yiuf (D:2)
  Jessica (D:2)
  Robin (D:2)
  4 adders
  A worm (D:2)
  2 dart slugs
  2 leopard geckos (D:2)
  An orc (D:3)
  A ball python (D:3)
  A bat (D:3)
  A giant cockroach (D:2)
  19 goblins
  12 hobgoblins
  4 jackals (D:1)
  5 kobolds
  A quokka (D:2)
  4 frilled lizards
  4 rats
66 creatures vanquished.

Notes
Turn   | Place    | Note
-------+----------+-------------------------------------------
     0 | D:1      | kae the Hill Orc Fighter began the quest for the Orb.
     0 | D:1      | Reached XP level 1. HP: 19/19 MP: 1/1
    12 | D:1      | Reached skill level 3 in Axes
    38 | D:1      | Reached XP level 2. HP: 8/27 MP: 2/2
   551 | D:2      | Noticed Robin
   552 | D:2      | Reached skill level 4 in Axes
   553 | D:2      | Reached XP level 3. HP: 33/33 MP: 3/3
   817 | D:2      | Killed Robin
  1009 | D:2      | Reached XP level 4. HP: 38/41 MP: 4/4
  1021 | D:2      | Reached skill level 5 in Axes
  1114 | D:2      | Noticed Jessica
  1117 | D:2      | Killed Jessica
  1188 | D:2      | Reached XP level 5. HP: 43/47 MP: 5/5
  1309 | D:2      | Found a runed door.
  1458 | D:2      | Noticed Crazy Yiuf
  1465 | D:2      | Killed Crazy Yiuf
  1465 | D:2      | Reached skill level 6 in Axes
  1591 | D:3      | Reached skill level 5 in Fighting
  1896 | D:3      | Found a faded altar of an unknown god.
  2215 | D:4      | Noticed a phantom
  2243 | D:4      | Killed a phantom
  2243 | D:4      | Reached XP level 6. HP: 56/56 MP: 6/6
  2250 | D:4      | Became a worshipper of Beogh the Brigand
  2269 | D:4      | You fall through a shaft for 2 floors!
  2297 | D:6      | Slain by a killer bee

Skill      XL: |  1  2  3  4  5 |
---------------+----------------+-----
Axes           | 3 4 5 6 |  6.9
Fighting       | 4 5 |  5.6
Armour         | |  3.2
Shields        | |  3.2

Action                   |  1- 3 |  4- 6 || total
-------------------------+-------+-------++-------
Melee: War axe           |    85 |   113 ||   198
Invok: Convert to Beogh  |       |     1 ||     1
  Use: Scroll            |       |     6 ||     6
       Potion            |       |     2 ||     2
  Eat: Chunk             |       |     3 ||     3
       Fruit             |       |     1 ||     1
Armor: Scale mail        |    40 |    73 ||   113
Dodge: Dodged            |    30 |    58 ||    88
Block: Shield            |    48 |    77 ||   125
